 Dungeon Crawl Stone Soup version 0.29.0-13-gc9e81de378 (webtiles) character file.

Game seed: 9916031496473851831

28 SnakkuSnakku7 the Sneak (level 2, 0/27 HPs)
             Began as a Demigod Delver on Sept 7, 2022.
             Slain by an orc
             ... wielding a +0 flail of protection
              (8 damage)
             ... on level 4 of the Dungeon.
             The game lasted 00:00:40 (120 turns).

SnakkuSnakku7 the Sneak (Demigod Delver)             Turns: 120, Time: 00:00:41

Health: 0/27       AC:  3    Str: 13    XL:     2   Next: 78%
Magic:  4/4        EV: 11    Int: 12    God:
Gold:   0          SH:  0    Dex: 15    Spells: 1/1 levels left

rFire   . . .      SeeInvis .   h - +0 quarterstaff
rCold   . . .      Faith    .   (shield currently unavailable)
rNeg    . . .      Spirit   .   b - +0 leather armour
rPois   .          Reflect  .   (no helmet)
rElec   .          Harm     .   (no cloak)
rCorr   .          Rampage  .   (no gloves)
Will    .....                   (no boots)
Stlth   +++.......              (no amulet)
HPRegen 0.09/turn               (no ring)
MPRegen 0.09/turn               (no ring)

@: no status effects
A: high MP 1, forlorn, divine attributes
a: no special abilities


You were on level 4 of the Dungeon.
You visited 1 branch of the dungeon, and saw 2 of its levels.

Inventory:

Hand Weapons
 a - a +0 hand axe
 h - a +0 quarterstaff (weapon)
Armour
 b - a +0 leather armour (worn)
Wands
 g - a wand of digging (3)
Scrolls
 c - a scroll of fog
 e - a scroll of fear
 i - a scroll of identify {unknown}
Potions
 f - a potion of haste


   Skills:
 + Level 3.8 Fighting
 - Level 1.7 Axes
 - Level 1.7 Dodging
 - Level 4.5 Stealth


You had one spell level left.
You didn't know any spells.
Your spell library was empty.

Dungeon Overview and Level Annotations

Branches:
Dungeon (5/15)
 Temple: D:4-7


Innate Abilities, Weirdness & Mutations

You have an increased reservoir of magic. (+10% MP)
You shall have no god before yourself.
Your divine heritage dramatically boosts your attributes as you level up.


Message History

You hit the orc wizard but do no damage.
The orc wizard is heavily wounded.
The orc wizard hits you with a +0 dagger.
The orc wizard closely misses you.
You barely miss the orc wizard.
The orc wizard is heavily wounded.
The orc wizard gestures at you while chanting.
The magic dart hits you.
You are too injured to fight recklessly!
You are too injured to fight recklessly!
You sock the orc wizard!
You kill the orc wizard!
You have reached level 2!
You closely miss the orc. The orc closely misses you.
The orc barely misses you.
You closely miss the orc. The orc hits you but does no damage.
You closely miss the orc. The orc hits you but does no damage.
You hit the orc.
The orc is moderately wounded.
The orc hits you but does no damage.
You hit the orc.
The orc is heavily wounded.
The orc closely misses you. x2
You barely miss the orc.
The orc is heavily wounded.
The orc hits you with a +0 flail of protection.
* * * LOW HITPOINT WARNING * * *
You hit the orc but do no damage.
The orc is heavily wounded.
The orc closely misses you.
You hit the orc but do no damage.
The orc is heavily wounded.
The orc barely misses you. x2
You hit the orc but do no damage.
The orc is heavily wounded.
The orc barely misses you.
You hit the orc.
The orc is severely wounded.
The orc hits you with a +0 flail of protection!
You die...

##############
#.<..........#
#.##########.##
#.# ##...## #<#
#..#..# #.#
####.....### #.#
*#..........^ #@#
#.....#.#.##. #o#
#..##...#.##. #)#
#..*#........ #.#
#.,*#.#.#.##. #.#
#,,,#.#.#.##.
#.#####...........
#....o.o...?...###
########.####..###
*,* #..##.


You could see an orc.

Vanquished Creatures
  An orc wizard (D:4)
  2 orcs (D:4)
3 creatures vanquished.

Notes
Turn   | Place    | Note
-------+----------+-------------------------------------------
     0 | D:5      | SnakkuSnakku7 the Demigod Delver began the quest for the
                  | Orb.
     0 | D:5      | Reached XP level 1. HP: 18/18 MP: 3/3
    39 | D:4      | Noticed a lemure
    43 | D:4      | Noticed a lemure
    93 | D:4      | Noticed an orc wizard
   110 | D:4      | Killed an orc wizard
   111 | D:4      | Reached XP level 2. HP: 13/27 MP: 4/4
   120 | D:4      | Slain by an orc

Illustrated notes

Levels and vault maps discovered:
D:4:      layout_loops_ring, cheibrodos_sewer_entry_bend,
          minmay_misc_feat_roman, corexii_checkpoint_a, uniq_ijyb, uniq_pikel
D:5:      layout_rooms

Skill      XL: |  1 |
---------------+----+-----
Fighting       | 3 |  3.8
Axes           | |  1.7
Dodging        | |  1.7
Stealth        | |  4.5

Action                   || total
-------------------------++-------
Melee: Quarterstaff      ||    19
  Use: Scroll            ||     1
Armor: Leather armour    ||     3
Dodge: Dodged            ||    11
